[ AOE2 MATCH · #484378234 ]
UnrankedBerbers vs Bengalis
Player's team · LOSS
[ REPLAY ANALYSIS · EXTRACTED FROM THE RECORDED GAME ]
Feudal
11:46
Castle
15:16
Imperial
29:19
| APM avg | 45.7 |
| APM peak | 80 |
| eAPM avg | 25.8 |
| Villagers / military | 162 / 402 |
Focus
⚔️ 43.9% · 🌾 56.1%
Scout Cavalry ×161 · Camel Archer ×100 · Genitour ×60 · Hand Cannoneer ×42 · Bombard Cannon ×29 · Monk ×8
Feudal
10:56
Castle
14:26
Imperial
31:35
| APM avg | 55.0 |
| APM peak | 93 |
| eAPM avg | 34.2 |
| Villagers / military | 182 / 357 |
Focus
⚔️ 44.3% · 🌾 55.7%
Battle Elephant ×185 · Scout Cavalry ×133 · Armored Elephant ×19 · Trebuchet (Packed) ×10 · Monk ×5 · Mangonel ×5
Feudal
11:01
Castle
15:04
Imperial
29:55
| APM avg | 54.9 |
| APM peak | 117 |
| eAPM avg | 32.1 |
| Villagers / military | 202 / 308 |
Focus
⚔️ 32.8% · 🌾 67.2%
Scout Cavalry ×271 · Trade Cart ×71 · Knight ×18 · Battering Ram ×14 · Trebuchet (Packed) ×3 · Mangonel ×1
Feudal
11:49
Castle
15:22
Imperial
35:08
| APM avg | 66.0 |
| APM peak | 167 |
| eAPM avg | 36.7 |
| Villagers / military | 163 / 26 |
Focus
⚔️ 51.7% · 🌾 48.3%
Unknown (2579) ×192 · Battering Ram ×11 · Trebuchet (Packed) ×9 · Trade Cart ×8 · Spearman ×4 · Mangonel ×2
Feudal
9:03
Castle
19:44
Imperial
30:49
| APM avg | 33.6 |
| APM peak | 73 |
| eAPM avg | 24.6 |
| Villagers / military | 172 / 83 |
Focus
⚔️ 17.9% · 🌾 82.1%
Knight ×56 · Battering Ram ×16 · Steppe Lancer ×9 · Mangonel ×1 · Scout Cavalry ×1
Feudal
10:56
Castle
14:54
Imperial
34:13
| APM avg | 67.9 |
| APM peak | 150 |
| eAPM avg | 43.9 |
| Villagers / military | 145 / 440 |
Focus
⚔️ 73.2% · 🌾 26.8%
Skirmisher ×207 · Bolas Rider ×184 · Kona ×42 · Trebuchet (Packed) ×7
Feudal
11:25
Castle
14:57
Imperial
29:08
| APM avg | 21.4 |
| APM peak | 51 |
| eAPM avg | 16.3 |
| Villagers / military | 172 / 279 |
Focus
⚔️ 33.1% · 🌾 66.9%
Spearman ×223 · Battering Ram ×40 · Plumed Archer ×11 · Mangonel ×3 · Trebuchet (Packed) ×2
Feudal
11:55
Castle
15:28
Imperial
30:00
| APM avg | 50.8 |
| APM peak | 103 |
| eAPM avg | 35.9 |
| Villagers / military | 244 / 462 |
Focus
⚔️ 45.1% · 🌾 54.9%
Skirmisher ×249 · Spearman ×164 · Bombard Cannon ×43 · Trade Cart ×26 · Trebuchet (Packed) ×5 · Scorpion ×1
Match map
Initial resources + every placement click. Lines = walls · curves = elevation contours. ◆ gold · ⬟ stone · ● berries · ✦ relic · ◌ wall gap
Your base· ✓ Closed at 15:16 · 10t walls · 3 gate(s)
MLT | Anna Flank's base· ✓ Closed at 14:26 · 8t walls · 3 gate(s)
MiMitraglietta's base· ✓ Closed at 15:04 · 0t walls · 2 gate(s)
JB's base· ✓ Closed at 15:22 · 0t walls · 2 gate(s)
iulo_ascanio2210's base· ✓ Closed at 19:44 · 11t walls · 2 gate(s)
OS+ | RaiD_'s base· ✓ Closed at 14:54 · 0t walls · 2 gate(s)
MLT | El Campeador di Melito's base· ✓ Closed at 14:57 · 0t walls · 2 gate(s)
Monesi28's base· ✓ Closed at 15:28 · 0t walls · 2 gate(s)
Smoothed initial terrain · ◌ = detected wall gap · hover for details
Inputs per minute
— OS+ | VoNDutcH - - MLT | Anna Flank
Build order — OS+ | VoNDutcH
First 150 of 488 actions detected
| 0:00 | Create | Villager (Male) |
| 0:00 | Create | Villager (Male) |
| 0:01 | Build | House |
| 0:02 | Build | House |
| 0:12 | Create | Villager (Male) |
| 0:12 | Create | Villager (Male) |
| 1:23 | Create | Villager (Male) |
| 1:44 | Build | Lumber Camp |
| 1:57 | Create | Villager (Male) |
| 2:11 | Create | Villager (Male) |
| 2:44 | Create | Villager (Male) |
| 2:59 | Create | Villager (Male) |
| 3:35 | Create | Villager (Male) |
| 3:50 | Build | House |
| 3:53 | Create | Villager (Male) |
| 4:16 | Create | Villager (Male) |
| 4:18 | Build | House |
| 4:19 | Build | House |
| 4:41 | Build | Mill |
| 4:49 | Create | Villager (Male) |
| 4:50 | Create | Villager (Male) |
| 5:18 | Create | Villager (Male) |
| 5:18 | Create | Villager (Male) |
| 5:34 | Build | Palisade Gate |
| 5:37 | Create | Villager (Male) |
| 5:42 | Build | Palisade Wall |
| 5:54 | Build | Palisade Wall |
| 5:55 | Create | Villager (Male) |
| 6:23 | Create | Villager (Male) |
| 6:45 | Create | Villager (Male) |
| 6:48 | Build | Lumber Camp |
| 6:52 | Create | Villager (Male) |
| 6:53 | Create | Villager (Male) |
| 7:00 | Create | Villager (Male) |
| 7:00 | Create | Villager (Male) |
| 7:00 | Create | Villager (Male) |
| 7:36 | Create | Villager (Male) |
| 7:36 | Create | Villager (Male) |
| 7:46 | Create | Villager (Male) |
| 7:46 | Create | Villager (Male) |
| 8:08 | Create | Villager (Male) |
| 8:24 | Build | Farm |
| 8:27 | Build | Farm |
| 8:35 | Create | Villager (Male) |
| 8:58 | Build | Mining Camp |
| 9:05 | Research | Feudal Age |
| 10:08 | Create | Villager (Male) |
| 10:30 | Build | Barracks |
| 10:52 | Build | Farm |
| 10:54 | Build | Farm |
| 10:58 | Build | Farm |
| 11:46 | Age | Feudal Age |
| 11:49 | Build | Stable |
| 11:50 | Build | Blacksmith |
| 11:53 | Research | Horse Collar |
| 11:57 | Create | Villager (Male) |
| 11:59 | Build | Farm |
| 12:30 | Research | Castle Age |
| 12:35 | Build | Farm |
| 12:41 | Build | House |
| 12:45 | Build | Farm |
| 12:59 | Build | Farm |
| 13:03 | Create | Scout Cavalry |
| 13:35 | Create | Scout Cavalry |
| 13:53 | Create | Scout Cavalry |
| 13:56 | Research | Double-Bit Axe |
| 14:07 | Create | Villager (Male) |
| 14:19 | Build | Farm |
| 14:29 | Create | Scout Cavalry |
| 14:50 | Build | Farm |
| 14:51 | Build | Farm |
| 15:16 | Age | Castle Age |
| 15:17 | Build | Monastery |
| 15:18 | Research | Bow Saw |
| 15:24 | Build | Farm |
| 15:25 | Build | Farm |
| 15:31 | Create | Scout Cavalry |
| 15:42 | Create | Villager (Male) |
| 15:46 | Build | House |
| 15:58 | Build | House |
| 16:00 | Build | House |
| 16:08 | Create | Monk |
| 16:13 | Build | Farm |
| 16:13 | Create | Villager (Male) |
| 16:32 | Build | House |
| 16:33 | Build | House |
| 16:36 | Create | Villager (Male) |
| 16:44 | Create | Villager (Male) |
| 16:49 | Create | Villager (Male) |
| 16:51 | Build | Town Center |
| 17:02 | Create | Monk |
| 17:10 | Build | House |
| 17:11 | Build | House |
| 17:17 | Build | Farm |
| 17:19 | Create | Villager (Male) |
| 17:42 | Create | Monk |
| 17:52 | Research | Light Cavalry (upgrade) |
| 17:56 | Create | Scout Cavalry |
| 18:13 | Create | Villager (Male) |
| 18:14 | Build | Farm |
| 18:16 | Build | Farm |
| 18:19 | Build | House |
| 18:31 | Create | Villager (Male) |
| 18:34 | Build | Farm |
| 18:35 | Build | Farm |
| 18:35 | Build | Farm |
| 18:45 | Create | Villager (Male) |
| 18:48 | Build | Farm |
| 18:50 | Create | Villager (Male) |
| 19:03 | Create | Scout Cavalry |
| 19:04 | Build | Farm |
| 19:05 | Create | Villager (Male) |
| 19:05 | Create | Villager (Male) |
| 19:07 | Build | Farm |
| 19:21 | Create | Villager (Male) |
| 19:34 | Create | Villager (Male) |
| 19:35 | Create | Villager (Male) |
| 19:37 | Build | Farm |
| 19:37 | Create | Villager (Male) |
| 19:57 | Build | Town Center |
| 19:57 | Create | Villager (Male) |
| 20:05 | Create | Villager (Male) |
| 20:25 | Create | Villager (Male) |
| 20:29 | Research | Heavy Plow |
| 20:56 | Create | Villager (Male) |
| 21:02 | Create | Villager (Male) |
| 21:02 | Create | Villager (Male) |
| 21:03 | Build | Farm |
| 21:04 | Build | Farm |
| 21:05 | Build | Farm |
| 21:05 | Create | Villager (Male) |
| 21:07 | Build | Farm |
| 21:19 | Research | Wheelbarrow |
| 21:21 | Build | Farm |
| 21:22 | Create | Villager (Male) |
| 21:24 | Build | House |
| 21:24 | Build | House |
| 21:25 | Build | House |
| 21:46 | Create | Villager (Male) |
| 21:46 | Create | Villager (Male) |
| 21:47 | Create | Villager (Male) |
| 21:55 | Research | Husbandry |
| 22:04 | Create | Villager (Male) |
| 22:05 | Create | Villager (Male) |
| 22:33 | Build | Farm |
| 22:33 | Build | Farm |
| 22:43 | Create | Villager (Male) |
| 22:43 | Create | Villager (Male) |
| 22:45 | Research | Gold Mining |
| 22:57 | Build | House |
Build order — MLT | Anna Flank
First 150 of 707 actions detected
| 0:01 | Create | Villager (Male) |
| 0:01 | Create | Villager (Male) |
| 0:01 | Create | Villager (Male) |
| 0:02 | Build | House |
| 0:03 | Build | House |
| 0:28 | Create | Villager (Male) |
| 1:26 | Create | Villager (Male) |
| 1:44 | Build | Lumber Camp |
| 1:47 | Create | Villager (Male) |
| 2:19 | Create | Villager (Male) |
| 2:32 | Create | Villager (Male) |
| 3:01 | Create | Villager (Male) |
| 3:10 | Build | Palisade Gate |
| 3:12 | Build | Palisade Wall |
| 3:12 | Build | Palisade Wall |
| 3:12 | Build | Palisade Wall |
| 3:13 | Build | Palisade Wall |
| 3:14 | Build | Palisade Wall |
| 3:15 | Build | Palisade Wall |
| 3:17 | Build | Palisade Wall |
| 3:28 | Create | Villager (Male) |
| 3:32 | Build | House |
| 3:56 | Build | Palisade Wall |
| 4:04 | Build | House |
| 4:07 | Create | Villager (Male) |
| 4:26 | Create | Villager (Male) |
| 4:43 | Build | Mill |
| 5:00 | Create | Villager (Male) |
| 5:17 | Create | Villager (Male) |
| 5:45 | Create | Villager (Male) |
| 6:01 | Create | Villager (Male) |
| 6:20 | Create | Villager (Male) |
| 6:45 | Create | Villager (Male) |
| 7:07 | Create | Villager (Male) |
| 7:23 | Create | Villager (Male) |
| 7:36 | Create | Villager (Male) |
| 8:25 | Build | Mining Camp |
| 8:35 | Research | Feudal Age |
| 8:35 | Research | Feudal Age |
| 9:36 | Create | Villager (Male) |
| 9:42 | Build | House |
| 9:44 | Build | Barracks |
| 9:48 | Build | Farm |
| 10:51 | Create | Villager (Male) |
| 10:56 | Age | Feudal Age |
| 11:01 | Build | Stable |
| 11:03 | Build | Blacksmith |
| 11:44 | Build | House |
| 11:45 | Research | Castle Age |
| 11:45 | Research | Castle Age |
| 11:46 | Build | House |
| 11:56 | Build | Farm |
| 12:03 | Build | Farm |
| 12:15 | Build | Farm |
| 12:23 | Build | Farm |
| 12:33 | Build | Farm |
| 12:37 | Research | Double-Bit Axe |
| 13:01 | Research | Horse Collar |
| 13:03 | Build | Farm |
| 13:22 | Build | Farm |
| 13:33 | Build | Farm |
| 13:39 | Create | Scout Cavalry |
| 13:57 | Create | Scout Cavalry |
| 14:04 | Build | Farm |
| 14:21 | Create | Villager (Male) |
| 14:26 | Age | Castle Age |
| 14:27 | Build | Monastery |
| 14:37 | Create | Scout Cavalry |
| 14:43 | Create | Villager (Male) |
| 14:44 | Create | Villager (Male) |
| 15:04 | Create | Villager (Male) |
| 15:12 | Build | Farm |
| 15:14 | Create | Monk |
| 15:23 | Create | Villager (Male) |
| 15:24 | Build | House |
| 15:39 | Create | Villager (Male) |
| 15:40 | Build | Farm |
| 15:41 | Build | Farm |
| 15:44 | Create | Scout Cavalry |
| 15:46 | Build | Farm |
| 15:48 | Build | House |
| 16:02 | Create | Villager (Male) |
| 16:11 | Create | Monk |
| 16:23 | Research | Bow Saw |
| 16:28 | Build | Town Center |
| 16:41 | Create | Villager (Male) |
| 16:45 | Build | Farm |
| 16:51 | Build | House |
| 17:08 | Create | Villager (Male) |
| 17:24 | Create | Villager (Male) |
| 17:24 | Build | House |
| 17:42 | Create | Scout Cavalry |
| 17:49 | Create | Villager (Male) |
| 17:52 | Build | Town Center |
| 18:11 | Create | Villager (Male) |
| 18:20 | Research | Husbandry |
| 18:22 | Build | Farm |
| 18:23 | Build | Farm |
| 18:24 | Build | Farm |
| 18:28 | Create | Villager (Male) |
| 18:28 | Create | Villager (Male) |
| 18:36 | Build | Lumber Camp |
| 18:44 | Build | Farm |
| 18:46 | Create | Villager (Male) |
| 19:04 | Create | Villager (Male) |
| 19:05 | Build | Farm |
| 19:09 | Build | Farm |
| 19:11 | Create | Villager (Male) |
| 19:12 | Build | House |
| 19:15 | Build | House |
| 19:15 | Build | House |
| 19:26 | Create | Monk |
| 19:29 | Research | Light Cavalry (upgrade) |
| 19:37 | Create | Villager (Male) |
| 19:39 | Build | Farm |
| 19:40 | Build | Farm |
| 19:44 | Create | Villager (Male) |
| 19:50 | Create | Scout Cavalry |
| 20:04 | Build | Farm |
| 20:06 | Create | Villager (Male) |
| 20:06 | Create | Villager (Male) |
| 20:08 | Build | House |
| 20:11 | Build | Farm |
| 20:12 | Build | Farm |
| 20:13 | Build | Farm |
| 20:16 | Create | Villager (Male) |
| 20:19 | Create | Villager (Male) |
| 20:25 | Create | Scout Cavalry |
| 20:35 | Build | Farm |
| 20:38 | Create | Villager (Male) |
| 20:40 | Build | Farm |
| 20:40 | Build | Farm |
| 20:42 | Create | Villager (Male) |
| 20:49 | Create | Villager (Male) |
| 20:52 | Build | Farm |
| 20:53 | Create | Villager (Male) |
| 20:55 | Build | Farm |
| 20:57 | Create | Monk |
| 21:01 | Build | House |
| 21:08 | Create | Villager (Male) |
| 21:08 | Create | Villager (Male) |
| 21:12 | Create | Villager (Male) |
| 21:16 | Build | Farm |
| 21:17 | Create | Villager (Male) |
| 21:33 | Create | Villager (Male) |
| 21:35 | Build | Farm |
| 21:37 | Create | Villager (Male) |
| 21:38 | Build | Farm |
| 21:53 | Create | Scout Cavalry |
| 21:56 | Research | Forging |
Build order — MiMitraglietta
First 150 of 920 actions detected
| 0:00 | Create | Villager (Male) |
| 0:01 | Create | Villager (Male) |
| 0:01 | Create | Villager (Male) |
| 0:02 | Build | House |
| 0:03 | Build | House |
| 0:09 | Create | Villager (Male) |
| 1:27 | Create | Villager (Male) |
| 1:56 | Create | Villager (Male) |
| 1:58 | Build | Lumber Camp |
| 2:20 | Create | Villager (Male) |
| 2:20 | Create | Villager (Male) |
| 2:47 | Create | Villager (Male) |
| 3:11 | Create | Villager (Male) |
| 3:35 | Create | Villager (Male) |
| 3:49 | Build | House |
| 3:50 | Build | House |
| 4:06 | Create | Villager (Male) |
| 4:07 | Create | Villager (Male) |
| 4:16 | Build | House |
| 4:25 | Create | Villager (Male) |
| 4:39 | Build | Mill |
| 4:55 | Create | Villager (Male) |
| 4:56 | Create | Villager (Male) |
| 5:17 | Create | Villager (Male) |
| 5:57 | Create | Villager (Male) |
| 6:23 | Create | Villager (Male) |
| 6:52 | Create | Villager (Male) |
| 7:10 | Create | Villager (Male) |
| 7:38 | Create | Villager (Male) |
| 8:04 | Build | Mining Camp |
| 8:07 | Build | Mining Camp |
| 8:20 | Create | Villager (Male) |
| 8:51 | Research | Feudal Age |
| 9:06 | Build | Farm |
| 9:29 | Create | Villager (Male) |
| 9:29 | Create | Villager (Male) |
| 10:26 | Build | Farm |
| 11:01 | Age | Feudal Age |
| 11:04 | Build | Market |
| 11:05 | Build | Blacksmith |
| 11:47 | Create | Villager (Male) |
| 11:50 | Build | Farm |
| 12:24 | Research | Castle Age |
| 12:49 | Build | House |
| 12:50 | Build | House |
| 13:18 | Research | Double-Bit Axe |
| 13:27 | Research | Horse Collar |
| 13:29 | Build | Farm |
| 14:04 | Create | Villager (Male) |
| 14:55 | Build | Lumber Camp |
| 15:04 | Age | Castle Age |
| 15:06 | Build | Town Center |
| 15:08 | Build | Town Center |
| 15:17 | Create | Villager (Male) |
| 15:35 | Build | Stone Wall |
| 15:39 | Build | Stone Wall |
| 15:40 | Build | Stone Wall |
| 15:44 | Create | Villager (Male) |
| 15:46 | Research | Loom |
| 15:48 | Build | Farm |
| 15:50 | Build | Farm |
| 16:00 | Build | Stone Wall |
| 16:14 | Create | Villager (Male) |
| 16:17 | Build | Siege Workshop |
| 16:24 | Create | Villager (Male) |
| 16:41 | Build | Farm |
| 16:45 | Create | Villager (Male) |
| 16:46 | Create | Villager (Male) |
| 16:57 | Build | House |
| 16:59 | Create | Villager (Male) |
| 17:01 | Build | Farm |
| 17:10 | Build | Gate |
| 17:14 | Create | Mangonel |
| 17:15 | Create | Villager (Male) |
| 17:15 | Create | Villager (Male) |
| 17:24 | Build | Farm |
| 17:26 | Build | Farm |
| 17:30 | Build | Farm |
| 17:38 | Build | Stone Wall |
| 17:41 | Create | Villager (Male) |
| 17:42 | Create | Villager (Male) |
| 17:45 | Build | Farm |
| 17:50 | Build | Farm |
| 17:58 | Create | Villager (Male) |
| 17:59 | Create | Villager (Male) |
| 18:11 | Build | Farm |
| 18:14 | Build | Farm |
| 18:15 | Create | Villager (Male) |
| 18:15 | Create | Villager (Male) |
| 18:26 | Build | Farm |
| 18:28 | Create | Villager (Male) |
| 18:28 | Create | Villager (Male) |
| 18:30 | Create | Villager (Male) |
| 18:30 | Create | Villager (Male) |
| 18:36 | Build | Farm |
| 18:44 | Build | Stone Wall |
| 18:46 | Create | Villager (Male) |
| 18:49 | Build | Farm |
| 18:56 | Build | House |
| 18:57 | Build | House |
| 19:00 | Build | House |
| 19:02 | Create | Villager (Male) |
| 19:02 | Create | Villager (Male) |
| 19:15 | Build | Farm |
| 19:30 | Build | House |
| 19:30 | Create | Villager (Male) |
| 19:31 | Create | Villager (Male) |
| 19:35 | Build | Farm |
| 19:38 | Build | Farm |
| 19:43 | Create | Villager (Male) |
| 19:49 | Create | Villager (Male) |
| 19:59 | Create | Villager (Male) |
| 20:04 | Build | Farm |
| 20:05 | Build | Farm |
| 20:06 | Create | Villager (Male) |
| 20:06 | Create | Villager (Male) |
| 20:33 | Create | Scorpion |
| 20:35 | Create | Villager (Male) |
| 20:42 | Build | Gate |
| 20:55 | Create | Villager (Male) |
| 20:57 | Build | Stone Wall |
| 21:01 | Create | Villager (Male) |
| 21:02 | Create | Villager (Male) |
| 21:10 | Create | Villager (Male) |
| 21:20 | Build | Town Center |
| 21:26 | Create | Villager (Male) |
| 21:26 | Create | Villager (Male) |
| 21:27 | Create | Villager (Male) |
| 21:29 | Build | House |
| 21:30 | Build | House |
| 21:30 | Build | House |
| 21:31 | Build | House |
| 21:34 | Build | Farm |
| 21:41 | Research | Wheelbarrow |
| 21:46 | Create | Villager (Male) |
| 21:47 | Create | Villager (Male) |
| 21:50 | Build | Farm |
| 22:00 | Build | Farm |
| 22:06 | Research | Town Watch |
| 22:14 | Create | Villager (Male) |
| 22:14 | Create | Villager (Male) |
| 22:17 | Create | Villager (Male) |
| 22:20 | Build | House |
| 22:20 | Build | House |
| 22:21 | Build | House |
| 22:33 | Research | Bow Saw |
| 22:39 | Build | Outpost |
| 22:46 | Create | Villager (Male) |
| 22:47 | Create | Villager (Male) |
| 23:00 | Create | Villager (Male) |
Build order — JB
First 150 of 582 actions detected
| 0:00 | Create | Villager (Male) |
| 0:00 | Create | Villager (Male) |
| 0:02 | Build | House |
| 0:05 | Build | House |
| 0:10 | Create | Villager (Male) |
| 0:10 | Create | Villager (Male) |
| 1:14 | Create | Villager (Male) |
| 1:34 | Create | Villager (Male) |
| 1:51 | Build | Settlement |
| 2:08 | Create | Villager (Male) |
| 2:53 | Create | Villager (Male) |
| 2:59 | Create | Villager (Male) |
| 3:41 | Create | Villager (Male) |
| 3:50 | Build | Settlement |
| 3:55 | Create | Villager (Male) |
| 4:28 | Create | Villager (Male) |
| 4:41 | Create | Villager (Male) |
| 5:07 | Create | Villager (Male) |
| 5:19 | Create | Villager (Male) |
| 5:40 | Create | Villager (Male) |
| 5:42 | Create | Villager (Male) |
| 6:04 | Create | Villager (Male) |
| 6:10 | Create | Villager (Male) |
| 6:26 | Create | Villager (Male) |
| 6:45 | Create | Villager (Male) |
| 6:45 | Create | Villager (Male) |
| 6:49 | Build | Settlement |
| 6:54 | Create | Villager (Male) |
| 7:09 | Create | Villager (Male) |
| 7:12 | Create | Villager (Male) |
| 7:22 | Create | Villager (Male) |
| 8:52 | Create | Villager (Male) |
| 9:09 | Research | Feudal Age |
| 9:09 | Research | Feudal Age |
| 9:18 | Build | Settlement |
| 10:19 | Build | Farm |
| 10:21 | Build | Farm |
| 10:24 | Build | Farm |
| 10:33 | Build | Farm |
| 11:07 | Create | Villager (Male) |
| 11:08 | Create | Villager (Male) |
| 11:11 | Create | Villager (Male) |
| 11:49 | Age | Feudal Age |
| 11:50 | Build | Market |
| 11:52 | Build | Blacksmith |
| 12:42 | Research | Castle Age |
| 13:05 | Research | Double-Bit Axe |
| 13:15 | Build | Farm |
| 13:18 | Build | Farm |
| 14:29 | Create | Villager (Male) |
| 14:29 | Create | Villager (Male) |
| 14:34 | Research | Loom |
| 15:22 | Age | Castle Age |
| 15:31 | Build | Castle |
| 15:36 | Build | Farm |
| 15:37 | Create | Villager (Male) |
| 15:40 | Create | Villager (Male) |
| 15:59 | Create | Villager (Male) |
| 16:04 | Build | Outpost |
| 16:11 | Research | Fletching |
| 16:39 | Create | Villager (Male) |
| 16:43 | Create | Villager (Male) |
| 16:58 | Build | Siege Workshop |
| 17:01 | Create | Unit 2579 |
| 17:01 | Create | Unit 2579 |
| 17:07 | Build | Town Center |
| 17:08 | Create | Villager (Male) |
| 17:13 | Create | Villager (Male) |
| 17:33 | Create | Villager (Male) |
| 17:39 | Create | Unit 2579 |
| 17:39 | Create | Unit 2579 |
| 17:59 | Create | Villager (Male) |
| 18:00 | Create | Villager (Male) |
| 18:02 | Build | Farm |
| 18:22 | Create | Villager (Male) |
| 18:23 | Build | Farm |
| 18:27 | Create | Villager (Male) |
| 18:30 | Create | Villager (Male) |
| 18:31 | Create | Unit 2579 |
| 18:35 | Create | Villager (Male) |
| 18:49 | Create | Villager (Male) |
| 18:52 | Create | Villager (Male) |
| 19:06 | Build | Farm |
| 19:26 | Build | Farm |
| 19:27 | Build | Farm |
| 19:29 | Research | Bodkin Arrow |
| 19:33 | Build | Outpost |
| 19:35 | Create | Villager (Male) |
| 19:39 | Create | Villager (Male) |
| 19:44 | Create | Villager (Male) |
| 19:45 | Create | Unit 2579 |
| 19:54 | Create | Villager (Male) |
| 20:02 | Create | Unit 2579 |
| 20:08 | Build | Farm |
| 20:09 | Build | Farm |
| 20:20 | Create | Villager (Male) |
| 20:25 | Create | Unit 2579 |
| 20:27 | Create | Mangonel |
| 20:27 | Create | Mangonel |
| 20:36 | Build | Gate |
| 20:40 | Build | Stone Wall |
| 20:43 | Create | Villager (Male) |
| 20:54 | Build | Stone Wall |
| 20:57 | Build | Stone Wall |
| 21:00 | Create | Unit 2579 |
| 21:01 | Create | Villager (Male) |
| 21:01 | Create | Villager (Male) |
| 21:04 | Build | Farm |
| 21:04 | Build | Farm |
| 21:07 | Build | Farm |
| 21:12 | Create | Villager (Male) |
| 21:22 | Create | Villager (Male) |
| 21:23 | Create | Unit 2579 |
| 21:53 | Create | Unit 2579 |
| 21:54 | Create | Villager (Male) |
| 22:07 | Create | Villager (Male) |
| 22:09 | Build | Town Center |
| 22:10 | Create | Villager (Male) |
| 22:16 | Create | Unit 2579 |
| 22:20 | Create | Villager (Male) |
| 22:32 | Create | Villager (Male) |
| 22:44 | Create | Unit 2579 |
| 22:45 | Create | Villager (Male) |
| 22:51 | Build | Farm |
| 22:52 | Build | Farm |
| 22:54 | Build | Farm |
| 22:55 | Create | Villager (Male) |
| 23:08 | Build | Gate |
| 23:31 | Create | Villager (Male) |
| 24:13 | Create | Villager (Male) |
| 24:14 | Create | Villager (Male) |
| 24:20 | Create | Unit 2579 |
| 24:35 | Create | Villager (Male) |
| 24:35 | Create | Villager (Male) |
| 24:46 | Create | Villager (Male) |
| 24:48 | Create | Unit 2579 |
| 24:49 | Create | Villager (Male) |
| 24:56 | Create | Villager (Male) |
| 24:57 | Create | Villager (Male) |
| 24:59 | Build | Farm |
| 25:00 | Build | Farm |
| 25:01 | Build | Farm |
| 25:01 | Build | Farm |
| 25:02 | Create | Villager (Male) |
| 25:02 | Create | Villager (Male) |
| 25:03 | Build | Farm |
| 25:04 | Build | Farm |
| 25:06 | Build | Farm |
| 25:07 | Build | Farm |
| 25:07 | Build | Farm |
Build order — iulo_ascanio2210
First 150 of 457 actions detected
| 0:02 | Build | House |
| 0:04 | Build | House |
| 0:04 | Create | Villager (Male) ×4 |
| 0:05 | Create | Villager (Male) ×4 |
| 1:32 | Create | Villager (Male) |
| 1:33 | Create | Villager (Male) |
| 1:48 | Build | Lumber Camp |
| 2:05 | Create | Villager (Male) |
| 2:05 | Create | Villager (Male) |
| 2:06 | Create | Villager (Male) |
| 2:19 | Create | Villager (Male) |
| 2:19 | Create | Villager (Male) |
| 2:19 | Create | Villager (Male) |
| 2:48 | Create | Villager (Male) |
| 3:02 | Create | Villager (Male) |
| 3:03 | Create | Villager (Male) |
| 3:07 | Build | House |
| 3:35 | Create | Villager (Male) |
| 4:16 | Create | Villager (Male) |
| 4:18 | Create | Villager (Male) |
| 4:32 | Create | Villager (Male) |
| 4:58 | Create | Villager (Male) |
| 5:09 | Build | Mill |
| 5:41 | Create | Villager (Male) |
| 6:20 | Create | Villager (Male) |
| 6:53 | Research | Feudal Age |
| 6:54 | Research | Feudal Age |
| 7:53 | Build | House |
| 7:54 | Build | House |
| 8:58 | Create | Villager (Male) |
| 9:00 | Create | Villager (Male) |
| 9:03 | Age | Feudal Age |
| 9:07 | Build | Town Center |
| 9:39 | Create | Villager (Male) |
| 10:14 | Create | Villager (Male) |
| 10:37 | Create | Villager (Male) |
| 10:37 | Create | Villager (Male) |
| 10:40 | Create | Villager (Male) |
| 10:50 | Create | Villager (Male) |
| 10:52 | Build | Farm |
| 10:57 | Build | Farm |
| 11:01 | Build | Farm |
| 11:11 | Build | Farm |
| 11:19 | Create | Villager (Male) |
| 11:20 | Create | Villager (Male) |
| 11:38 | Create | Villager (Male) |
| 11:39 | Create | Villager (Male) |
| 11:41 | Build | Farm |
| 11:41 | Build | Farm |
| 11:50 | Build | Farm |
| 12:01 | Research | Double-Bit Axe |
| 12:02 | Research | Double-Bit Axe |
| 12:02 | Research | Double-Bit Axe |
| 12:08 | Build | Farm |
| 12:13 | Build | Farm |
| 12:14 | Create | Villager (Male) |
| 12:15 | Create | Villager (Male) |
| 12:25 | Create | Villager (Male) |
| 12:37 | Build | Mining Camp |
| 12:44 | Build | House |
| 12:49 | Build | House |
| 12:52 | Create | Villager (Male) |
| 12:53 | Create | Villager (Male) |
| 12:53 | Create | Villager (Male) |
| 12:55 | Build | Farm |
| 13:05 | Research | Loom |
| 13:14 | Build | Farm |
| 13:20 | Build | House |
| 13:21 | Create | Villager (Male) |
| 13:22 | Create | Villager (Male) |
| 13:26 | Build | Farm |
| 13:33 | Build | Farm |
| 13:39 | Create | Villager (Male) |
| 13:48 | Create | Villager (Male) |
| 13:54 | Build | Farm |
| 13:59 | Research | Horse Collar |
| 13:59 | Research | Horse Collar |
| 14:15 | Build | Farm |
| 14:17 | Create | Villager (Male) |
| 14:18 | Create | Villager (Male) |
| 14:23 | Build | Farm |
| 14:32 | Build | House |
| 14:49 | Create | Villager (Male) |
| 14:50 | Create | Villager (Male) |
| 15:00 | Create | Villager (Male) |
| 15:04 | Build | Farm |
| 15:05 | Build | Farm |
| 15:16 | Build | Market |
| 15:23 | Create | Villager (Male) |
| 15:24 | Create | Villager (Male) |
| 15:38 | Build | Farm |
| 15:45 | Build | Farm |
| 15:46 | Create | Villager (Male) |
| 15:47 | Create | Villager (Male) |
| 16:08 | Build | Palisade Wall |
| 16:26 | Build | Blacksmith |
| 16:27 | Create | Villager (Male) |
| 16:38 | Build | House |
| 16:47 | Build | House |
| 16:49 | Build | House |
| 16:52 | Create | Villager (Male) |
| 16:57 | Research | Castle Age |
| 17:04 | Research | Castle Age |
| 17:09 | Build | Palisade Wall |
| 17:22 | Build | Siege Workshop |
| 17:31 | Build | Palisade Wall |
| 17:53 | Build | Barracks |
| 17:58 | Build | House |
| 18:01 | Build | House |
| 18:06 | Build | House |
| 18:08 | Build | House |
| 18:11 | Create | Villager (Male) |
| 18:14 | Build | Mining Camp |
| 18:27 | Create | Battering Ram |
| 18:27 | Create | Battering Ram |
| 18:50 | Create | Villager (Male) |
| 18:51 | Create | Villager (Male) |
| 18:51 | Create | Villager (Male) |
| 18:57 | Create | Battering Ram |
| 19:12 | Build | Palisade Wall |
| 19:26 | Create | Villager (Male) |
| 19:27 | Create | Villager (Male) |
| 19:36 | Create | Battering Ram |
| 19:44 | Age | Castle Age |
| 19:57 | Research | Capped Ram (upgrade) |
| 20:03 | Create | Villager (Male) |
| 20:25 | Build | Town Center |
| 20:26 | Create | Villager (Male) |
| 20:31 | Create | Battering Ram |
| 20:39 | Create | Villager (Male) |
| 20:42 | Research | Bow Saw |
| 20:42 | Research | Bow Saw |
| 20:49 | Create | Villager (Male) |
| 20:49 | Create | Villager (Male) |
| 21:12 | Build | Farm |
| 21:12 | Build | Farm |
| 21:16 | Build | Farm |
| 21:17 | Build | Farm |
| 21:36 | Create | Villager (Male) |
| 21:36 | Create | Villager (Male) |
| 21:36 | Create | Villager (Male) |
| 21:42 | Create | Mangonel |
| 21:51 | Create | Villager (Male) |
| 21:52 | Create | Villager (Male) |
| 21:52 | Create | Villager (Male) |
| 21:52 | Create | Villager (Male) |
| 21:54 | Create | Villager (Male) |
| 21:57 | Create | Battering Ram |
| 21:58 | Create | Battering Ram |
| 22:00 | Create | Villager (Male) |
Build order — OS+ | RaiD_
First 150 of 456 actions detected
| 0:01 | Create | Villager (Male) ×4 |
| 0:02 | Build | House |
| 0:04 | Build | House |
| 1:24 | Create | Villager (Male) |
| 1:48 | Build | Settlement |
| 1:59 | Create | Villager (Male) |
| 2:18 | Create | Villager (Male) |
| 2:18 | Create | Villager (Male) |
| 2:52 | Create | Villager (Male) |
| 2:52 | Create | Villager (Male) |
| 3:05 | Create | Villager (Male) |
| 3:39 | Create | Villager (Male) |
| 3:57 | Create | Villager (Male) |
| 4:24 | Create | Villager (Male) |
| 4:49 | Create | Villager (Male) |
| 4:52 | Build | Settlement |
| 5:03 | Create | Villager (Male) |
| 5:20 | Create | Villager (Male) |
| 5:58 | Create | Villager (Male) |
| 6:27 | Create | Villager (Male) |
| 6:28 | Create | Villager (Male) |
| 6:34 | Build | Settlement |
| 6:46 | Build | Farm |
| 6:49 | Create | Villager (Male) |
| 7:38 | Build | House |
| 7:50 | Create | Villager (Male) |
| 8:09 | Create | Villager (Male) |
| 8:13 | Build | House |
| 8:26 | Build | Settlement |
| 8:40 | Research | Feudal Age |
| 9:35 | Create | Villager (Male) |
| 10:56 | Age | Feudal Age |
| 10:58 | Create | Villager (Male) |
| 11:03 | Build | Market |
| 11:11 | Build | Blacksmith |
| 11:47 | Create | Villager (Male) |
| 12:14 | Research | Castle Age |
| 12:40 | Build | Farm |
| 12:43 | Build | Farm |
| 12:50 | Research | Double-Bit Axe |
| 12:50 | Research | Double-Bit Axe |
| 12:54 | Build | Farm |
| 13:22 | Research | Horse Collar |
| 13:26 | Build | Farm |
| 13:30 | Build | Farm |
| 13:55 | Build | Farm |
| 14:02 | Build | Farm |
| 14:33 | Create | Villager (Male) |
| 14:54 | Age | Castle Age |
| 14:58 | Create | Villager (Male) |
| 15:04 | Build | Castle |
| 15:22 | Create | Villager (Male) |
| 15:26 | Build | Farm |
| 15:30 | Build | Farm |
| 15:33 | Build | Farm |
| 15:35 | Create | Villager (Male) |
| 15:55 | Build | Farm |
| 15:56 | Create | Villager (Male) |
| 16:12 | Build | Farm |
| 16:14 | Create | Villager (Male) |
| 16:18 | Research | Gold Mining |
| 17:00 | Create | Kona |
| 17:01 | Create | Kona |
| 17:02 | Create | Kona |
| 17:05 | Create | Villager (Male) |
| 17:28 | Create | Villager (Male) |
| 17:31 | Build | Farm |
| 17:32 | Create | Kona |
| 17:49 | Build | Town Center |
| 17:54 | Research | Bow Saw |
| 17:55 | Create | Kona |
| 17:57 | Create | Villager (Male) |
| 18:05 | Create | Kona |
| 18:26 | Create | Kona |
| 18:26 | Create | Kona |
| 18:45 | Create | Villager (Male) |
| 18:47 | Build | Farm |
| 18:48 | Build | Farm |
| 18:50 | Build | Farm |
| 18:54 | Create | Kona |
| 19:03 | Create | Villager (Male) |
| 19:07 | Create | Kona |
| 19:23 | Create | Villager (Male) |
| 19:24 | Create | Villager (Male) |
| 19:26 | Build | Farm |
| 19:28 | Build | Farm |
| 19:46 | Create | Villager (Male) |
| 19:47 | Create | Villager (Male) |
| 19:47 | Research | Loom |
| 20:03 | Create | Villager (Male) |
| 20:08 | Create | Villager (Male) |
| 20:17 | Build | Town Center |
| 20:22 | Create | Kona |
| 20:31 | Create | Villager (Male) |
| 20:33 | Build | Farm |
| 20:36 | Build | Farm |
| 20:38 | Create | Kona |
| 20:46 | Build | Farm |
| 20:46 | Create | Villager (Male) |
| 20:48 | Build | Farm |
| 20:53 | Build | Farm |
| 20:53 | Create | Kona |
| 21:01 | Create | Villager (Male) |
| 21:03 | Build | Farm |
| 21:08 | Build | Farm |
| 21:16 | Research | Town Watch |
| 21:21 | Create | Kona |
| 21:27 | Build | Farm |
| 21:41 | Create | Kona |
| 21:51 | Create | Villager (Male) |
| 21:54 | Create | Villager (Male) |
| 21:56 | Create | Villager (Male) |
| 21:57 | Create | Villager (Male) |
| 21:58 | Build | Farm |
| 21:58 | Build | Farm |
| 21:59 | Build | Farm |
| 22:01 | Build | Farm |
| 22:06 | Create | Kona |
| 22:06 | Create | Kona |
| 22:09 | Create | Villager (Male) |
| 22:26 | Create | Villager (Male) |
| 22:34 | Create | Kona |
| 22:34 | Create | Kona |
| 22:36 | Create | Villager (Male) |
| 22:38 | Build | Farm |
| 22:47 | Create | Villager (Male) |
| 22:50 | Build | House |
| 22:50 | Build | House |
| 22:51 | Build | House |
| 22:54 | Create | Villager (Male) |
| 22:54 | Create | Villager (Male) |
| 22:55 | Build | House |
| 22:55 | Build | House |
| 22:59 | Create | Kona |
| 23:09 | Research | Wheelbarrow |
| 23:28 | Create | Villager (Male) |
| 23:29 | Create | Villager (Male) |
| 23:32 | Build | Farm |
| 23:33 | Build | Farm |
| 23:38 | Create | Kona |
| 23:38 | Create | Kona |
| 23:56 | Create | Kona |
| 24:07 | Create | Villager (Male) |
| 24:10 | Build | Farm |
| 24:10 | Build | Farm |
| 24:11 | Build | Farm |
| 24:11 | Build | Farm |
| 24:15 | Create | Kona |
| 24:16 | Create | Kona |
| 24:24 | Create | Villager (Male) |
Build order — MLT | El Campeador di Melito
First 150 of 411 actions detected
| 0:02 | Research | Loom |
| 0:02 | Research | Loom |
| 0:04 | Build | House |
| 0:06 | Build | House |
| 0:12 | Create | Villager (Male) ×3 |
| 1:26 | Create | Villager (Male) |
| 1:50 | Build | Lumber Camp |
| 2:09 | Create | Villager (Male) |
| 2:09 | Create | Villager (Male) |
| 2:56 | Create | Villager (Male) ×2 |
| 3:28 | Build | House |
| 3:29 | Build | House |
| 3:30 | Build | House |
| 3:46 | Create | Villager (Male) ×2 |
| 4:35 | Create | Villager (Male) |
| 4:45 | Create | Villager (Male) |
| 5:08 | Build | Mill |
| 5:16 | Create | Villager (Male) |
| 5:54 | Create | Villager (Male) ×2 |
| 6:37 | Create | Villager (Male) |
| 6:37 | Create | Villager (Male) |
| 6:52 | Build | Mill |
| 7:20 | Create | Villager (Male) |
| 7:22 | Create | Villager (Male) ×5 |
| 7:53 | Build | Farm |
| 7:55 | Build | Farm |
| 7:57 | Build | Farm |
| 8:19 | Create | Villager (Male) |
| 8:26 | Create | Villager (Male) |
| 8:37 | Build | Mining Camp |
| 8:57 | Research | Feudal Age |
| 8:57 | Research | Feudal Age |
| 9:36 | Create | Villager (Male) |
| 9:37 | Create | Villager (Male) |
| 9:50 | Build | Mining Camp |
| 11:25 | Age | Feudal Age |
| 11:25 | Build | Market |
| 11:29 | Build | Blacksmith |
| 12:17 | Research | Castle Age |
| 12:17 | Research | Castle Age |
| 12:22 | Research | Stone Mining |
| 13:59 | Build | House |
| 14:41 | Create | Villager (Male) |
| 14:41 | Create | Villager (Male) |
| 14:57 | Age | Castle Age |
| 15:06 | Build | Castle |
| 15:16 | Create | Villager (Male) |
| 15:19 | Build | Farm |
| 15:20 | Build | Farm |
| 15:24 | Build | Farm |
| 15:25 | Build | Farm |
| 15:27 | Research | Double-Bit Axe |
| 16:04 | Build | Mining Camp |
| 16:14 | Create | Villager (Male) |
| 16:15 | Create | Villager (Male) |
| 16:15 | Create | Villager (Male) |
| 16:19 | Create | Plumed Archer |
| 16:20 | Create | Plumed Archer ×4 |
| 17:09 | Research | Fletching |
| 17:16 | Create | Villager (Male) ×3 |
| 17:22 | Create | Plumed Archer |
| 17:22 | Create | Plumed Archer |
| 18:10 | Create | Villager (Male) |
| 18:34 | Build | Farm |
| 18:52 | Create | Villager (Male) |
| 19:23 | Create | Villager (Male) |
| 19:53 | Build | Castle |
| 19:55 | Create | Villager (Male) |
| 20:07 | Build | Castle |
| 20:59 | Create | Villager (Male) |
| 21:05 | Create | Villager (Male) |
| 21:05 | Create | Villager (Male) |
| 21:22 | Create | Villager (Male) |
| 21:26 | Build | Farm |
| 21:26 | Build | Farm |
| 21:26 | Build | Farm |
| 21:27 | Build | Farm |
| 21:27 | Build | Farm |
| 21:29 | Create | Villager (Male) |
| 21:35 | Create | Plumed Archer |
| 21:35 | Create | Plumed Archer |
| 21:50 | Build | Siege Workshop |
| 22:01 | Research | Bodkin Arrow |
| 22:03 | Create | Villager (Male) |
| 22:07 | Build | Farm |
| 22:15 | Build | Farm |
| 22:18 | Build | Farm |
| 22:19 | Create | Villager (Male) |
| 22:29 | Create | Villager (Male) |
| 22:31 | Build | Farm |
| 22:34 | Build | Farm |
| 22:44 | Create | Mangonel |
| 22:52 | Build | Castle |
| 23:08 | Build | Farm |
| 23:48 | Build | Lumber Camp |
| 24:22 | Create | Villager (Male) |
| 24:22 | Create | Villager (Male) |
| 24:25 | Research | Gold Mining |
| 24:26 | Research | Gold Mining |
| 24:38 | Build | Farm |
| 25:13 | Create | Villager (Male) |
| 25:13 | Create | Villager (Male) |
| 25:58 | Research | Imperial Age |
| 25:58 | Research | Imperial Age |
| 26:27 | Create | Mangonel |
| 26:56 | Build | Mining Camp |
| 27:36 | Build | Palisade Wall |
| 27:42 | Build | Palisade Wall |
| 27:59 | Build | Palisade Wall |
| 28:02 | Build | Palisade Wall |
| 28:03 | Build | Palisade Wall |
| 28:21 | Create | Villager (Male) |
| 28:21 | Create | Villager (Male) |
| 28:32 | Build | University |
| 28:37 | Create | Plumed Archer |
| 28:37 | Create | Plumed Archer |
| 29:04 | Build | Palisade Wall |
| 29:06 | Build | Palisade Wall |
| 29:08 | Age | Imperial Age |
| 29:14 | Create | Trebuchet (Packed) |
| 29:15 | Create | Trebuchet (Packed) |
| 29:16 | Create | Villager (Male) |
| 29:16 | Create | Villager (Male) |
| 29:29 | Build | Palisade Wall |
| 29:46 | Research | Bracer |
| 29:52 | Research | Chemistry |
| 30:45 | Create | Mangonel |
| 31:14 | Create | Villager (Male) |
| 31:55 | Create | Villager (Male) |
| 32:01 | Create | Villager (Male) |
| 32:02 | Create | Villager (Male) |
| 32:19 | Create | Villager (Male) |
| 32:21 | Create | Villager (Male) |
| 32:55 | Create | Villager (Male) |
| 32:55 | Create | Villager (Male) |
| 32:56 | Create | Villager (Male) |
| 32:56 | Create | Villager (Male) |
| 33:01 | Research | Ballistics |
| 33:04 | Build | House |
| 33:05 | Build | House |
| 33:05 | Build | House |
| 33:08 | Build | House |
| 33:08 | Build | House |
| 33:43 | Build | Town Center |
| 33:46 | Build | Town Center |
| 33:53 | Build | Town Center |
| 34:22 | Create | Villager (Male) ×5 |
| 34:26 | Build | House |
| 34:27 | Build | House |
| 34:28 | Build | House |
Build order — Monesi28
First 150 of 999 actions detected
| 0:00 | Create | Villager (Male) |
| 0:01 | Create | Villager (Male) |
| 0:01 | Create | Villager (Male) |
| 0:01 | Create | Villager (Male) |
| 0:02 | Build | House |
| 0:04 | Build | House |
| 1:27 | Create | Villager (Male) |
| 1:48 | Build | Lumber Camp |
| 1:56 | Create | Villager (Male) |
| 2:09 | Create | Villager (Male) |
| 2:45 | Create | Villager (Male) |
| 3:03 | Create | Villager (Male) |
| 3:28 | Build | House |
| 3:29 | Build | House |
| 3:29 | Build | House |
| 3:47 | Create | Villager (Male) |
| 4:02 | Create | Villager (Male) |
| 4:02 | Create | Villager (Male) |
| 4:25 | Create | Villager (Male) |
| 4:26 | Create | Villager (Male) |
| 4:43 | Create | Villager (Male) |
| 5:06 | Create | Villager (Male) |
| 5:07 | Create | Villager (Male) |
| 5:14 | Build | Mill |
| 5:50 | Build | Farm |
| 5:52 | Build | Farm |
| 6:22 | Create | Villager (Male) |
| 6:29 | Build | Mill |
| 6:38 | Create | Villager (Male) |
| 7:05 | Create | Villager (Male) |
| 7:08 | Build | Farm |
| 7:33 | Create | Villager (Male) |
| 7:33 | Create | Villager (Male) |
| 7:43 | Create | Villager (Male) |
| 7:59 | Create | Villager (Male) |
| 8:16 | Build | Mining Camp |
| 9:19 | Create | Villager (Male) |
| 9:29 | Build | Mining Camp |
| 9:45 | Research | Feudal Age |
| 10:21 | Create | Villager (Male) |
| 10:21 | Create | Villager (Male) |
| 10:40 | Build | House |
| 11:55 | Age | Feudal Age |
| 11:56 | Build | Market |
| 11:58 | Build | Blacksmith |
| 12:12 | Build | Farm |
| 12:27 | Build | Farm |
| 12:29 | Build | Farm |
| 12:46 | Build | House |
| 12:46 | Build | House |
| 12:48 | Research | Castle Age |
| 13:38 | Research | Double-Bit Axe |
| 13:40 | Research | Horse Collar |
| 14:44 | Create | Villager (Male) |
| 14:44 | Create | Villager (Male) |
| 15:28 | Age | Castle Age |
| 15:39 | Build | Town Center |
| 15:43 | Build | Town Center |
| 15:46 | Create | Villager (Male) |
| 15:54 | Create | Villager (Male) |
| 16:18 | Create | Villager (Male) |
| 16:27 | Build | Town Center |
| 16:29 | Research | Loom |
| 16:32 | Build | Farm |
| 16:36 | Create | Villager (Male) |
| 16:43 | Create | Villager (Male) |
| 16:46 | Build | Farm |
| 16:50 | Create | Villager (Male) |
| 17:13 | Create | Villager (Male) |
| 17:19 | Create | Villager (Male) |
| 17:20 | Create | Villager (Male) |
| 17:26 | Create | Villager (Male) |
| 17:28 | Create | Villager (Male) |
| 17:30 | Build | Farm |
| 17:31 | Build | Farm |
| 17:33 | Build | Farm |
| 17:38 | Create | Villager (Male) |
| 17:44 | Create | Villager (Male) |
| 17:47 | Create | Villager (Male) |
| 17:49 | Build | Farm |
| 17:52 | Build | Farm |
| 17:52 | Create | Villager (Male) |
| 18:15 | Build | Farm |
| 18:17 | Build | Farm |
| 18:19 | Build | Farm |
| 18:21 | Build | Farm |
| 18:24 | Build | Farm |
| 18:24 | Create | Villager (Male) |
| 18:25 | Create | Villager (Male) |
| 18:34 | Create | Villager (Male) |
| 18:34 | Create | Villager (Male) |
| 18:37 | Build | House |
| 18:38 | Build | House |
| 18:42 | Build | Farm |
| 18:49 | Build | Farm |
| 18:50 | Create | Villager (Male) |
| 18:50 | Create | Villager (Male) |
| 18:55 | Create | Villager (Male) |
| 19:02 | Build | Farm |
| 19:10 | Create | Villager (Male) |
| 19:10 | Create | Villager (Male) |
| 19:17 | Build | Lumber Camp |
| 19:18 | Create | Villager (Male) |
| 19:18 | Create | Villager (Male) |
| 19:23 | Build | Farm |
| 19:26 | Create | Villager (Male) |
| 19:28 | Build | House |
| 19:37 | Create | Villager (Male) |
| 19:37 | Create | Villager (Male) |
| 19:46 | Build | Farm |
| 19:46 | Create | Villager (Male) |
| 19:46 | Create | Villager (Male) |
| 19:54 | Build | Farm |
| 19:54 | Create | Villager (Male) |
| 19:57 | Build | House |
| 20:12 | Create | Villager (Male) |
| 20:12 | Create | Villager (Male) |
| 20:17 | Build | Farm |
| 20:21 | Build | Lumber Camp |
| 20:24 | Create | Villager (Male) |
| 20:24 | Create | Villager (Male) |
| 20:27 | Build | Farm |
| 20:28 | Build | Farm |
| 20:28 | Create | Villager (Male) |
| 20:29 | Create | Villager (Male) |
| 20:32 | Build | Farm |
| 20:37 | Research | Bow Saw |
| 20:37 | Research | Bow Saw |
| 20:41 | Build | House |
| 20:42 | Build | House |
| 20:42 | Create | Villager (Male) |
| 20:42 | Create | Villager (Male) |
| 20:45 | Build | Farm |
| 20:55 | Create | Villager (Male) |
| 20:55 | Create | Villager (Male) |
| 20:57 | Build | House |
| 20:58 | Build | House |
| 21:00 | Create | Villager (Male) |
| 21:06 | Build | Farm |
| 21:08 | Build | Farm |
| 21:08 | Create | Villager (Male) |
| 21:12 | Build | Farm |
| 21:12 | Create | Villager (Male) |
| 21:21 | Build | Farm |
| 21:23 | Create | Villager (Male) |
| 21:30 | Create | Villager (Male) |
| 21:30 | Create | Villager (Male) |
| 21:31 | Create | Villager (Male) |
| 21:34 | Build | Farm |
| 21:35 | Create | Villager (Male) |
Match timeline
| 3:12 | MLT | Anna Flank · wall_segment Palisade Wall x1 |
| 3:12 | MLT | Anna Flank · wall_segment Palisade Wall x1 |
| 3:12 | MLT | Anna Flank · wall_segment Palisade Wall x1 |
| 3:13 | MLT | Anna Flank · wall_segment Palisade Wall x1 |
| 3:14 | MLT | Anna Flank · wall_segment Palisade Wall x1 |
| 3:15 | MLT | Anna Flank · wall_segment Palisade Wall x1 |
| 3:17 | MLT | Anna Flank · wall_segment Palisade Wall x1 |
| 3:56 | MLT | Anna Flank · wall_segment Palisade Wall x1 |
| 5:42 | OS+ | VoNDutcH · wall_segment Palisade Wall x3 |
| 5:54 | OS+ | VoNDutcH · wall_segment Palisade Wall x7 |
| 9:03 | iulo_ascanio2210 · age_up feudal |
| 9:44 | MLT | Anna Flank · first_building Barracks |
| 10:30 | OS+ | VoNDutcH · first_building Barracks |
| 10:56 | MLT | Anna Flank · age_up feudal |
| 10:56 | OS+ | RaiD_ · age_up feudal |
| 11:01 | MLT | Anna Flank · first_building Stable |
| 11:01 | MiMitraglietta · age_up feudal |
| 11:25 | MLT | El Campeador di Melito · age_up feudal |
| 11:46 | OS+ | VoNDutcH · age_up feudal |
| 11:49 | OS+ | VoNDutcH · first_building Stable |
| 11:49 | JB · age_up feudal |
| 11:55 | Monesi28 · age_up feudal |
| 14:26 | MLT | Anna Flank · age_up castle |
| 14:27 | MLT | Anna Flank · first_building Monastery |
| 14:54 | OS+ | RaiD_ · age_up castle |
| 14:57 | MLT | El Campeador di Melito · age_up castle |
| 15:04 | OS+ | RaiD_ · first_building Castle |
| 15:04 | MiMitraglietta · age_up castle |
| 15:06 | MLT | El Campeador di Melito · first_building Castle |
| 15:16 | OS+ | VoNDutcH · age_up castle |
| 15:17 | OS+ | VoNDutcH · first_building Monastery |
| 15:22 | JB · age_up castle |
| 15:28 | Monesi28 · age_up castle |
| 15:31 | JB · first_building Castle |
| 15:35 | MiMitraglietta · wall_segment Stone Wall x4 |
| 15:39 | MiMitraglietta · wall_segment Stone Wall x3 |
| 15:40 | MiMitraglietta · wall_segment Stone Wall x1 |
| 16:00 | MiMitraglietta · wall_segment Stone Wall x4 |
| 16:08 | iulo_ascanio2210 · wall_segment Palisade Wall x8 |
| 16:17 | MiMitraglietta · first_building Siege Workshop |
| 16:50 | MLT | El Campeador di Melito · first_market_sell 100 wood |
| 16:51 | MLT | El Campeador di Melito · first_market_buy 100 food |
| 16:58 | JB · first_building Siege Workshop |
| 17:09 | iulo_ascanio2210 · wall_segment Palisade Wall x1 |
| 17:22 | iulo_ascanio2210 · first_building Siege Workshop |
| 17:31 | iulo_ascanio2210 · wall_segment Palisade Wall x1 |
| 17:38 | MiMitraglietta · wall_segment Stone Wall x7 |
| 17:53 | iulo_ascanio2210 · first_building Barracks |
| 18:30 | MiMitraglietta · first_market_buy 100 food |
| 18:44 | MiMitraglietta · wall_segment Stone Wall x4 |
| 19:12 | iulo_ascanio2210 · wall_segment Palisade Wall x1 |
| 19:44 | iulo_ascanio2210 · age_up castle |
| 20:02 | OS+ | RaiD_ · first_market_buy 100 wood |
| 20:17 | JB · first_market_sell 100 wood |
| 20:36 | Monesi28 · first_market_buy 100 food |
| 20:40 | JB · wall_segment Stone Wall x2 |
| 20:54 | JB · wall_segment Stone Wall x1 |
| 20:57 | JB · wall_segment Stone Wall x1 |
| 20:57 | MiMitraglietta · wall_segment Stone Wall x4 |
| 21:40 | Monesi28 · wall_segment Stone Wall x1 |
| 21:50 | MLT | El Campeador di Melito · first_building Siege Workshop |
| 22:07 | Monesi28 · first_building Siege Workshop |
| 24:00 | MiMitraglietta · first_market_sell 100 food |
| 24:11 | Monesi28 · first_building Barracks |
| 24:13 | MiMitraglietta · first_building Castle |
| 24:24 | Monesi28 · first_building Monastery |
| 25:03 | iulo_ascanio2210 · first_building Stable |
| 25:28 | OS+ | RaiD_ · first_market_sell 100 wood |
| 25:56 | OS+ | RaiD_ · first_building Barracks |
| 27:19 | MLT | Anna Flank · first_market_buy 100 stone |
| 27:24 | MLT | Anna Flank · first_building Castle |
| 27:36 | MLT | El Campeador di Melito · wall_segment Palisade Wall x5 |
| 27:42 | MLT | El Campeador di Melito · wall_segment Palisade Wall x7 |
| 27:49 | Monesi28 · first_building Castle |
| 27:59 | MLT | El Campeador di Melito · wall_segment Palisade Wall x3 |
| 28:02 | MLT | El Campeador di Melito · wall_segment Palisade Wall x3 |
| 28:03 | MLT | El Campeador di Melito · wall_segment Palisade Wall x1 |
| 28:18 | OS+ | VoNDutcH · first_building Archery Range |
| 28:25 | MiMitraglietta · first_building Barracks |
| 29:04 | MLT | El Campeador di Melito · wall_segment Palisade Wall x1 |
| 29:06 | MLT | El Campeador di Melito · wall_segment Palisade Wall x1 |
| 29:08 | JB · wall_segment Stone Wall x1 |
| 29:08 | MLT | El Campeador di Melito · age_up imperial |
| 29:10 | JB · wall_segment Stone Wall x1 |
| 29:11 | JB · wall_segment Stone Wall x1 |
| 29:16 | OS+ | VoNDutcH · first_building Siege Workshop |
| 29:19 | OS+ | VoNDutcH · age_up imperial |
| 29:29 | MLT | El Campeador di Melito · wall_segment Palisade Wall x1 |
| 29:55 | MiMitraglietta · age_up imperial |
| 30:00 | Monesi28 · age_up imperial |
| 30:07 | OS+ | RaiD_ · first_building Monastery |
| 30:19 | OS+ | VoNDutcH · first_building Castle |
| 30:41 | MLT | Anna Flank · first_building Siege Workshop |
| 30:49 | iulo_ascanio2210 · age_up imperial |
| 31:07 | OS+ | RaiD_ · first_building Archery Range |
| 31:20 | Monesi28 · first_market_sell 100 food |
| 31:22 | JB · wall_segment Stone Wall x1 |
| 31:25 | MiMitraglietta · first_building Stable |
| 31:35 | MLT | Anna Flank · age_up imperial |
| 31:44 | OS+ | VoNDutcH · first_market_buy 100 food |
| 32:11 | MLT | Anna Flank · first_building Archery Range |
| 32:46 | JB · first_building Barracks |
| 33:52 | MiMitraglietta · wall_segment Stone Wall x7 |
| 33:57 | iulo_ascanio2210 · first_building Castle |
| 34:11 | Monesi28 · first_building Archery Range |
| 34:13 | OS+ | RaiD_ · age_up imperial |
| 35:08 | JB · age_up imperial |
| 35:32 | JB · first_market_buy 100 stone |
| 35:43 | MLT | Anna Flank · first_market_sell 100 wood |
| 36:10 | OS+ | VoNDutcH · first_market_sell 500 food |
| 38:35 | Monesi28 · tribute_sent a jugador 1 |
| 38:35 | Monesi28 · tribute_sent a jugador 2 |
| 38:35 | Monesi28 · tribute_sent a jugador 3 |
| 38:35 | Monesi28 · tribute_sent a jugador 4 |
| 38:35 | Monesi28 · tribute_sent a jugador 5 |
| 38:35 | Monesi28 · tribute_sent a jugador 6 |
| 38:35 | Monesi28 · tribute_sent a jugador 7 |
| 40:21 | MLT | El Campeador di Melito · first_building Barracks |
| 43:38 | Monesi28 · tribute_sent a jugador 1 |
| 43:38 | Monesi28 · tribute_sent a jugador 2 |
| 43:38 | Monesi28 · tribute_sent a jugador 3 |
| 43:38 | Monesi28 · tribute_sent a jugador 4 |
| 43:38 | Monesi28 · tribute_sent a jugador 5 |
| 43:38 | Monesi28 · tribute_sent a jugador 6 |
| 43:38 | Monesi28 · tribute_sent a jugador 7 |
| 43:41 | JB · tribute_sent a jugador 1 |
| 43:41 | JB · tribute_sent a jugador 2 |
| 43:41 | JB · tribute_sent a jugador 4 |
| 43:41 | JB · tribute_sent a jugador 5 |
| 43:41 | JB · tribute_sent a jugador 6 |
| 43:41 | JB · tribute_sent a jugador 7 |
| 43:41 | JB · tribute_sent a jugador 8 |
| 44:43 | JB · tribute_sent a jugador 1 |
| 44:43 | JB · tribute_sent a jugador 2 |
| 44:43 | JB · tribute_sent a jugador 4 |
| 44:43 | JB · tribute_sent a jugador 5 |
| 44:43 | JB · tribute_sent a jugador 6 |
| 44:43 | JB · tribute_sent a jugador 7 |
| 44:43 | JB · tribute_sent a jugador 8 |
| 45:29 | Monesi28 · tribute_sent a jugador 1 |
| 45:29 | Monesi28 · tribute_sent a jugador 2 |
| 45:29 | Monesi28 · tribute_sent a jugador 3 |
| 45:29 | Monesi28 · tribute_sent a jugador 4 |
| 45:29 | Monesi28 · tribute_sent a jugador 5 |
| 45:29 | Monesi28 · tribute_sent a jugador 6 |
| 45:29 | Monesi28 · tribute_sent a jugador 7 |
| 47:13 | MLT | El Campeador di Melito · tribute_sent a jugador 1 |
| 47:13 | MLT | El Campeador di Melito · tribute_sent a jugador 2 |
| 47:13 | MLT | El Campeador di Melito · tribute_sent a jugador 3 |
| 47:13 | MLT | El Campeador di Melito · tribute_sent a jugador 4 |
| 47:13 | MLT | El Campeador di Melito · tribute_sent a jugador 5 |
| 47:13 | MLT | El Campeador di Melito · tribute_sent a jugador 6 |
| 47:13 | MLT | El Campeador di Melito · tribute_sent a jugador 8 |
| 47:23 | Monesi28 · wall_segment Stone Wall x5 |
| 51:05 | MLT | El Campeador di Melito · wall_segment Palisade Wall x1 |
| 51:23 | JB · tribute_sent a jugador 1 |
| 51:23 | JB · tribute_sent a jugador 2 |
| 51:23 | JB · tribute_sent a jugador 4 |
| 51:23 | JB · tribute_sent a jugador 5 |
| 51:23 | JB · tribute_sent a jugador 6 |
| 51:23 | JB · tribute_sent a jugador 7 |
| 51:23 | JB · tribute_sent a jugador 8 |
| 51:33 | MLT | Anna Flank · wall_segment Stone Wall x1 |
| 51:34 | MLT | Anna Flank · wall_segment Stone Wall x1 |
| 51:36 | MLT | Anna Flank · wall_segment Stone Wall x1 |
| 52:03 | MiMitraglietta · first_building Krepost |
| 53:00 | MiMitraglietta · tribute_sent a jugador 1 |
| 53:00 | MiMitraglietta · tribute_sent a jugador 3 |
| 53:00 | MiMitraglietta · tribute_sent a jugador 4 |
| 53:00 | MiMitraglietta · tribute_sent a jugador 5 |
| 53:00 | MiMitraglietta · tribute_sent a jugador 6 |
| 53:00 | MiMitraglietta · tribute_sent a jugador 7 |
| 53:00 | MiMitraglietta · tribute_sent a jugador 8 |
| 53:16 | Monesi28 · wall_segment Stone Wall x5 |
| 53:19 | MiMitraglietta · tribute_sent a jugador 1 |
| 53:19 | MiMitraglietta · tribute_sent a jugador 3 |
| 53:19 | MiMitraglietta · tribute_sent a jugador 4 |
| 53:19 | MiMitraglietta · tribute_sent a jugador 5 |
| 53:19 | MiMitraglietta · tribute_sent a jugador 6 |
| 53:19 | MiMitraglietta · tribute_sent a jugador 7 |
| 53:19 | MiMitraglietta · tribute_sent a jugador 8 |
| 54:53 | MLT | Anna Flank · tribute_sent a jugador 2 |
| 54:53 | MLT | Anna Flank · tribute_sent a jugador 3 |
| 54:53 | MLT | Anna Flank · tribute_sent a jugador 4 |
| 54:53 | MLT | Anna Flank · tribute_sent a jugador 5 |
| 54:53 | MLT | Anna Flank · tribute_sent a jugador 6 |
| 54:53 | MLT | Anna Flank · tribute_sent a jugador 7 |
| 54:53 | MLT | Anna Flank · tribute_sent a jugador 8 |
| 55:05 | OS+ | VoNDutcH · resign |
[ AI ANALYSIS · 1 CREDIT ]
What really happened in this match?
Wolo.gg analyzes every decision: build order, eco, micro, common mistakes by bracket. Personalized analysis on WhatsApp or Discord in 30 seconds.
Civ guide
Berbers
Perfil
Jugador #3942539